% Time on Ice - UTAH ICE BEARS
Lines # - Real PCT - Wanted PCT - Time Play
Normal Forward
1 - 33% - 36% - 17:00
2 - 23% - 31% - 11:59
3 - 28% - 23% - 14:38
4 - 16% - 10% - 8:27
Normal Defense
1 - 31% - 36% - 16:18
2 - 34% - 31% - 17:36
3 - 31% - 23% - 16:02
4 - 4% - 10% - 2:08
PP Forward
1 - 0% - 55%
2 - 0% - 45%
PP Defense
1 - 0% - 55%
2 - 0% - 45%
PK Forward
1 - 61% - 55% - 4:48
2 - 39% - 45% - 3:08
PK Defense
1 - 52% - 55% - 4:07
2 - 48% - 45% - 3:49
PK3 Forward
1 - 0% - 55%
2 - 0% - 45%
PK3 Defense
1 - 0% - 55%
2 - 0% - 45%
44 Forward
1 - 0% - 55%
2 - 0% - 45%
44 Defense
1 - 0% - 55%
2 - 0% - 45%
Last Minute Offensive  - 0:00
Last Minute Defensive  - 0:00
Total
Forward - 60:00
Defense - 60:00
% Time on Ice - SAN JOSE BRONCOS
Lines # - Real PCT - Wanted PCT - Time Play
Normal Forward
1 - 32% - 36% - 16:46
2 - 30% - 33% - 15:26
3 - 28% - 25% - 14:25
4 - 10% - 6% - 5:27
Normal Defense
1 - 37% - 40% - 19:13
2 - 32% - 35% - 16:25
3 - 32% - 25% - 16:26
4 - 0% - 0% - 0:00
PP Forward
1 - 46% - 60% - 3:37
2 - 54% - 40% - 4:19
PP Defense
1 - 48% - 60% - 3:49
2 - 52% - 40% - 4:07
PK Forward
1 - 0% - 50%
2 - 0% - 50%
PK Defense
1 - 0% - 50%
2 - 0% - 50%
PK3 Forward
1 - 0% - 50%
2 - 0% - 50%
PK3 Defense
1 - 0% - 55%
2 - 0% - 45%
44 Forward
1 - 0% - 50%
2 - 0% - 50%
44 Defense
1 - 0% - 50%
2 - 0% - 50%
Last Minute Offensive  - 0:00
Last Minute Defensive  - 0:00
Total
Forward - 60:00
Defense - 60:00
Play-by-Play 1st period 0:01 of 1st period - Oliver Bjorkstrand wins face-off versus Artem Anisimov in neutral zone. 0:08 of 1st period - Icing by Alexander Edler. 0:09 of 1st period - Artem Anisimov wins face-off versus Evgeni Malkin in UTAH ICE BEARS zone. 0:44 of 1st period - Shot by Claude Giroux. 0:44 of 1st period - Stopped by Thatcher Demko without a rebound. 0:45 of 1st period - Nick Bonino wins face-off versus Alex Galchenyuk in UTAH ICE BEARS zone. 1:11 of 1st period - Shot by Nick Bonino. 1:11 of 1st period - Shot Misses the Net. 1:13 of 1st period - Shot by Marco Scandella. 1:13 of 1st period - Stopped by Thatcher Demko without a rebound. 1:14 of 1st period - Brayden Point wins face-off versus Blake Lizotte in UTAH ICE BEARS zone. 1:28 of 1st period - Shot by Brayden Point. 1:28 of 1st period - Shot Misses the Net. 2:49 of 1st period - Icing by Andrew Mangiapane. 2:50 of 1st period - Nick Bonino wins face-off versus Ross Colton in UTAH ICE BEARS zone. 3:00 of 1st period - Icing by Alexander Edler. 3:01 of 1st period - Charlie Coyle wins face-off versus Ross Colton in UTAH ICE BEARS zone. 3:43 of 1st period - Shot by Artem Anisimov. 3:43 of 1st period - Deflect By Nicholas Paul. 3:43 of 1st period - Stopped by Jacob Markstrom without a rebound. 3:44 of 1st period - Evgeni Malkin wins face-off versus Blake Lizotte in SAN JOSE BRONCOS zone. 3:44 of 1st period - Evgeni Malkin is hit by Blake Lizotte. 3:54 of 1st period - Blake Lizotte is hit by Evgeni Malkin and loses puck. 4:03 of 1st period - Shot by Evgeni Malkin. 4:03 of 1st period - Goal by Evgeni Malkin - UTAH ICE BEARS : 0 - SAN JOSE BRONCOS : 1. 4:04 of 1st period - Artem Anisimov wins face-off versus Nick Bonino in neutral zone. 5:14 of 1st period - Shot by Blake Lizotte. 5:14 of 1st period - Shot Misses the Net. 6:01 of 1st period - Evgeni Malkin is hit by Blake Lizotte and loses puck. 6:35 of 1st period - Icing by Chris Tanev. 6:36 of 1st period - Artem Anisimov wins face-off versus Elias Lindholm in SAN JOSE BRONCOS zone. 7:03 of 1st period - Troy Stecher is hit by Oliver Bjorkstrand and loses puck. 7:43 of 1st period - Shot by Nick Bonino. 7:43 of 1st period - Shot Misses the Net. 7:51 of 1st period - Shot by Zachary Sanford. 7:51 of 1st period - Shot Misses the Net. 8:13 of 1st period - Icing by Jaccob Slavin. 8:14 of 1st period - Nick Bonino wins face-off versus Ross Colton in SAN JOSE BRONCOS zone. 8:26 of 1st period - Shot by Andrew Mangiapane. 8:26 of 1st period - Stopped by Jacob Markstrom with a rebound. 8:31 of 1st period - Icing by Neal Pionk. 8:32 of 1st period - Anthony Beauvillier wins face-off versus Blake Lizotte in SAN JOSE BRONCOS zone. 10:01 of 1st period - Shot by Claude Giroux. 10:01 of 1st period - Shot Misses the Net. 10:07 of 1st period - Shot by Evgeni Malkin. 10:07 of 1st period - Shot Misses the Net. 10:09 of 1st period - Shot by Evgeni Malkin. 10:09 of 1st period - Shot Misses the Net. 10:11 of 1st period - Shot by Marco Scandella. 10:11 of 1st period - Stopped by Thatcher Demko with a rebound. 11:01 of 1st period - Shot by Charlie Coyle. 11:01 of 1st period - Shot Misses the Net. 11:09 of 1st period - Shot by Charlie Coyle. 11:09 of 1st period - Stopped by Thatcher Demko without a rebound. 11:10 of 1st period - Brayden Point wins face-off versus Alex Galchenyuk in UTAH ICE BEARS zone. 11:27 of 1st period - Shot by Zachary Sanford. 11:27 of 1st period - Stopped by Jacob Markstrom without a rebound. 11:28 of 1st period - Evgeni Malkin wins face-off versus Artem Anisimov in SAN JOSE BRONCOS zone. 11:57 of 1st period - Shot by Connor Brown. 11:57 of 1st period - Shot Misses the Net. 12:30 of 1st period - Off-side. 12:31 of 1st period - Alex Galchenyuk wins face-off versus Nick Bonino in neutral zone. 12:40 of 1st period - Shot by Alex Galchenyuk. 12:40 of 1st period - Shot Misses the Net. 12:42 of 1st period - Shot by Andrew Mangiapane. 12:42 of 1st period - Shot Misses the Net. 12:44 of 1st period - Shot by Alex Galchenyuk. 12:44 of 1st period - Stopped by Jacob Markstrom with a rebound. 12:46 of 1st period - Shot by Zachary Sanford. 12:46 of 1st period - Shot Hit the Post. 12:48 of 1st period - Shot by Andrew Mangiapane. 12:48 of 1st period - Shot Blocked by Marco Scandella. 13:04 of 1st period - Shot by Zachary Sanford. 13:04 of 1st period - Stopped by Jacob Markstrom with a rebound. 13:15 of 1st period - Off-side. 13:16 of 1st period - Brayden Point wins face-off versus Ross Colton in neutral zone. 13:18 of 1st period - Off-side. 13:19 of 1st period - Artem Anisimov wins face-off versus Brayden Point in neutral zone. 13:22 of 1st period - Shot by Kyle Okposo. 13:22 of 1st period - Stopped by Jacob Markstrom with a rebound. 13:42 of 1st period - Shot by Elias Lindholm. 13:42 of 1st period - Shot Blocked by Troy Stecher. 13:44 of 1st period - Shot by Oliver Bjorkstrand. 13:44 of 1st period - Shot Misses the Net. 13:46 of 1st period - Shot by Brayden Point. 13:46 of 1st period - Shot Blocked by Troy Stecher. 13:48 of 1st period - Shot by Elias Lindholm. 13:48 of 1st period - Stopped by Thatcher Demko without a rebound. 13:49 of 1st period - Evgeni Malkin wins face-off versus Ross Colton in UTAH ICE BEARS zone. 14:06 of 1st period - Shot by Connor Brown. 14:06 of 1st period - Shot Blocked by Radim Simek. 15:10 of 1st period - Shot by Oliver Bjorkstrand. 15:10 of 1st period - Stopped by Thatcher Demko without a rebound. 15:11 of 1st period - Artem Anisimov wins face-off versus Nick Bonino in UTAH ICE BEARS zone. 17:00 of 1st period - Icing by Adam Pelech. 17:01 of 1st period - Blake Lizotte wins face-off versus Evgeni Malkin in SAN JOSE BRONCOS zone. 17:20 of 1st period - Shot by Connor Brown. 17:20 of 1st period - Shot Misses the Net. 17:22 of 1st period - Shot by Evgeni Malkin. 17:22 of 1st period - Shot Misses the Net. 17:24 of 1st period - Shot by Adam Pelech. 17:24 of 1st period - Shot Misses the Net. 17:29 of 1st period - Evgeni Malkin is hit by Kale Clague and loses puck. 17:32 of 1st period - Shot by Connor Brown. 17:32 of 1st period - Shot Blocked by Blake Lizotte. 17:42 of 1st period - Shot by Evgeni Malkin. 17:42 of 1st period - Stopped by Thatcher Demko with a rebound. 18:01 of 1st period - Off-side. 18:02 of 1st period - Alex Galchenyuk wins face-off versus Brayden Point in neutral zone. 18:41 of 1st period - Elias Lindholm is hit by Radim Simek and loses puck. 18:44 of 1st period - Shot by Oliver Bjorkstrand. 18:44 of 1st period - Shot Misses the Net. 18:46 of 1st period - Shot by Elias Lindholm. 18:46 of 1st period -